[Event "Early-Titled-Tuesday-Blitz-September-05-2023"]
[Site "Chess.com"]
[Date "2023.09.05"]
[Round "9"]
[White "DrDreBeats"]
[Black "GasconJR"]
[Result "0-1"]
[WhiteElo "2561"]
[BlackElo "2721"]
[TimeControl "180+1"]
[EndTime "9:42:12 PDT"]
[Termination "GasconJR won by checkmate"]

1. e4 e5 2. Nf3 Nc6 3. Bb5 a6 4. Ba4 d6 5. O-O Bd7 6. c3 g6 7. Re1 Bg7 8. d4 b5 9. Bb3 Nf6 10. Bg5 h6 11. Be3 O-O 12. Nbd2 Re8 13. Nf1 exd4 14. Bxd4 Nxd4 15. cxd4 c5 16. e5 dxe5 17.
dxe5 Ng4 18. h3 c4 19. hxg4 cxb3 20. Ne3 bxa2 21. Rxa2 Be6 22. Ra3 a5 23. Qa1 a4 24.
Rd1 Qb8 25. Nd4 Qxe5 26. Nxe6 Rxe6 27. Rd2 Rd6 28. Rc2 Rad8 29. Qc1 Qf4 30. Ra1 Be5 31.
Qe1 Qh2+ 32. Kf1 Bf4 33. Re2 Qh1# 0-1

[Event "Early-Titled-Tuesday-Blitz-September-05-2023"]
[Site "Chess.com"]
[Date "2023.09.05"]
[Round "9"]
[White "TregubovP"]
[Black "GMG"]
[Result "1-0"]
[WhiteElo "2664"]
[BlackElo "2776"]
[TimeControl "180+1"]
[EndTime "9:42:14 PDT"]
[Termination "TregubovP won on time"]

1. e4 c5 2. Nf3 Nc6 3. Bb5 Nf6 4. O-O Nxe4 5. Re1 Nd6 6. Bf1 e6 7. d4 Nxd4 8. Nxd4 cxd4 9. Qxd4 Nf5 10. Qf4 Be7 11. Bd3 O-O 12. Bxf5 exf5 13. Qxf5 d5 14. Qd3 d4 15. Nd2 g6 16. Ne4 Bf5 17. Bh6 Re8 18. Rad1 Bf8 19. Bxf8 Kxf8 20. Qxd4 Qxd4 21. Rxd4 Rad8 22.
Rxd8 Rxd8 23. f3 Bxe4 24. Rxe4 Rd2 25. Rc4 b5 26. Rc7 a6 27. h4 h6 28. Kh2 Kg7 29. Kg3 h5 30. b4 Re2 31. Rc6 Rd2 32. a3 Re2 33. c3 Rc2 34. f4 Kf8 35. Kf3 Ra2 36. Rxa6 Rc2 37. Rc6 Ra2 38. g3 Rxa3 39. Rc5 Ke7 40. Ke4 Ke6 41. Kd4 Ra2 42. Rxb5 Rg2 43.
Re5+ Kd6 44. Rg5 Rd2+ 45. Kc4 Ke6 46. b5 1-0

[Event "Early-Titled-Tuesday-Blitz-September-05-2023"]
[Site "Chess.com"]
[Date "2023.09.05"]
[Round "9"]
[White "Bugcrusher"]
[Black "masterofpuppets2"]
[Result "1-0"]
[WhiteElo "2359"]
[BlackElo "2475"]
[TimeControl "180+1"]
[EndTime "9:42:14 PDT"]
[Termination "Bugcrusher won on time"]

1. d4 Nf6 2. c4 g6 3. Nc3 Bg7 4. e4 d6 5. Nf3 O-O 6. Be2 Na6 7. O-O e5 8. d5 Nc5 9. Qc2 a5 10. Bg5 h6 11. Be3 Ne8 12. Nd2 f5 13. f3 f4 14. Bf2 g5 15. b3 h5 16. a3 g4 17. b4 Nd7 18. c5 Qg5 19. Kh1 Kh8 20. c6 bxc6 21. dxc6 Ndf6 22. b5 Bh6 23. b6 cxb6 24.
Nd5 Nxd5 25. exd5 Nf6 26. Nc4 Bf5 27. Bd3 Rg8 28. Bxf5 gxf3 29. g3 fxg3 30. Bxg3 h4 31. Nxd6 Rg7 32. Rg1 hxg3 33. Rxg3 Qh5 34. Rag1 Nxd5 35.
Rxg7 Bxg7 36. c7 Ne7 37. c8=Q+ Nxc8 38. Bxc8 e4 39. Qc7 Be5 40. Qd8+ Kh7 41. Qg8+ Kh6 42. Nf7+ 1-0

[Event "Early-Titled-Tuesday-Blitz-September-05-2023"]
[Site "Chess.com"]
[Date "2023.09.05"]
[Round "9"]
[White "brm72"]
[Black "Jmf24"]
[Result "1-0"]
[WhiteElo "2537"]
[BlackElo "2376"]
[TimeControl "180+1"]
[EndTime "9:42:14 PDT"]
[Termination "brm72 won by checkmate"]

1. d4 Nf6 2. c4 g6 3. g3 Bg7 4. Bg2 O-O 5. Nc3 c6 6. e4 d6 7.
Nf3 Nbd7 8. O-O e5 9. h3 Re8 10. Be3 exd4 11. Nxd4 Nc5 12. Qc2 Qc7 13. Rad1 Ne6 14.
Rfe1 a6 15. Kh2 h5 16. Nxe6 Bxe6 17. b3 h4 18. Ne2 Rad8 19. Nf4 hxg3+ 20. fxg3 Bc8 21.
Qf2 Nd7 22. Bd4 Be5 23. Rd2 b5 24. Bf1 Bb7 25. Red1 c5 26. Bxe5 Nxe5 27. Nd5 Bxd5 28. Rxd5 b4 29. Qf6 Re6 30. Qf4 a5 31. h4 Qe7 32. Bh3 Rf6 33. Qe3 Rf3 34. Qe2 Qf6 35. Kg2 g5 36. Rxe5 Rc3 37. Rxg5+ Kf8 38. Rf5 Qg6 39.
Rf3 Re8 40. Re1 Kg7 41. Bf5 Qf6 42. Rxc3 Qxc3 43. Qf3 Qxe1 44. Qg4+ Kf8 45. Qf4 Re5 46. Qh6+ Ke7 47. Qg5+ f6 48. Qg7+ Kd8 49. Qd7# 1-0

[Event "Early-Titled-Tuesday-Blitz-September-05-2023"]
[Site "Chess.com"]
[Date "2023.09.05"]
[Round "9"]
[White "Quattroporte300"]
[Black "lacafi"]
[Result "1-0"]
[WhiteElo "2402"]
[BlackElo "2214"]
[TimeControl "180+1"]
[EndTime "9:42:14 PDT"]
[Termination "Quattroporte300 won on time"]

1. e4 c6 2. d4 d5 3. Nc3 dxe4 4. Nxe4 Nf6 5. Nxf6+ exf6 6. c3 Bd6 7. Bd3 O-O 8. Qc2 Re8+ 9. Ne2 h5 10. Be3 Nd7 11. O-O-O Nf8 12. c4 b6 13. Kb1 Qc7 14. h3 h4 15. Rhe1 Be6 16. Ng1 Rad8 17. Nf3 g5 18.
Bf5 Kg7 19. Bc1 Bf4 20. b3 Bxc1 21. Rxc1 Qf4 22. Bd3 Ng6 23. Re4 Qc7 24. Rce1 Nf4 25. Bf1 Qd7 26. Rxf4 gxf4 27. Kb2 Bf5 28. Qd2 Rxe1 29.
Qxe1 Qe6 30. Qd2 Qe4 31. Kc3 Qb1 32. Be2 a5 33. Nxh4 Bh7 34. Nf3 Qa1+ 35. Qb2 Qxb2+ 36. Kxb2 Be4 37. Kc3 Kg6 38. Ne1 Bf5 39. Bf3 c5 40. d5 Re8 41. Kd2 Bb1 42. a3 Ba2 43. Bd1 Kf5 44.
Bc2+ Ke5 45. Nd3+ Kd4 46. Nc1 1-0

[Event "Early-Titled-Tuesday-Blitz-September-05-2023"]
[Site "Chess.com"]
[Date "2023.09.05"]
[Round "9"]
[White "TatjanaVasilevich"]
[Black "chess94cu"]
[Result "1-0"]
[WhiteElo "2562"]
[BlackElo "2686"]
[TimeControl "180+1"]
[EndTime "9:42:16 PDT"]
[Termination "TatjanaVasilevich won by resignation"]

1. d4 Nf6 2. c4 c6 3. Nc3 d5 4. Bg5 e6 5. cxd5 exd5 6. e3 Bd6 7. Bd3 Nbd7 8. Nge2 Nf8 9. Qc2 Ne6 10. Bh4 Qc7 11.
f3 h6 12. Bf2 g6 13. e4 Bb4 14. e5 Ng8 15. a3 Ba5 16. b4 Bb6 17. f4 Ne7 18. g4 Ng7 19. h3 h5 20. Rg1 hxg4 21.
hxg4 a5 22. b5 c5 23. dxc5 Bxc5 24. Nd4 Rh2 25. Na4 b6 26. Nxc5 bxc5 27. Nf3 Rxf2 28. Qxf2 Ne6 29. f5 Nf4 30. Bc2 gxf5 31. gxf5 Bxf5 32.
Bxf5 Nxf5 33. Qd2 Ng6 34. e6 O-O-O 35. O-O-O d4 36. exf7 Qxf7 37. Qxa5 Qc4+ 38. Kb2 Ne3 39. Rd2 Rd6 40. Qa8+ Kd7 41. Qb7+ Kd8 42. Rc1 Qd5 43. Qxd5 Rxd5 44. b6 Kc8 45. Rxd4 Rf5 46. Nd2 Kb7 47. Rd3 Ng4 48. Nc4 Nf6 49. Nd6+ Kxb6 50. Nxf5 1-0

[Event "Early-Titled-Tuesday-Blitz-September-05-2023"]
[Site "Chess.com"]
[Date "2023.09.05"]
[Round "9"]
[White "WPWPWP-2015"]
[Black "kasun_bole"]
[Result "1-0"]
[WhiteElo "2560"]
[BlackElo "2406"]
[TimeControl "180+1"]
[EndTime "9:42:16 PDT"]
[Termination "WPWPWP-2015 won by resignation"]

1. e4 c5 2. Nf3 Nc6 3. d4 cxd4 4.
Nxd4 g6 5. c4 Bg7 6. Be3 Nf6 7.
Nc3 Ng4 8. Qxg4 Nxd4 9. Qd1 e5 10. Bd3 O-O 11. O-O d6 12. h3 Be6 13. Nd5 Bxd5 14. cxd5 Qb6 15. b3 Rac8 16. Rc1 Qa5 17. Qd2 Qxd2 18.
Bxd2 Rfd8 19. Bg5 f6 20. Bd2 Kf7 21. f3 Ke7 22. Kf2 Kd7 23. g3 Rxc1 24. Rxc1 Rc8 25. Rh1 f5 26. h4 fxe4 27. Bxe4 Rf8 28. Kg2 h6 29. Rc1 Nf5 30. Bd3 a6 31. a4 Rc8 32.
Rxc8 Kxc8 33. h5 Kd7 34. hxg6 Ne7 35. Be4 Ke8 36. Bb4 Nc8 37. Ba5 Ke7 38. Kh3 Bf6 39. Kg4 Kf8 40. Kf5 Kg7 41. Ke6 Ne7 42. Kxd6 Nxg6 43. Bxg6 Kxg6 44. Ke6 1-0

[Event "Early-Titled-Tuesday-Blitz-September-05-2023"]
[Site "Chess.com"]
[Date "2023.09.05"]
[Round "9"]
[White "FairChess_on_YouTube"]
[Black "Sargsyan_Shant"]
[Result "0-1"]
[WhiteElo "3046"]
[BlackElo "2973"]
[TimeControl "180+1"]
[EndTime "9:42:17 PDT"]
[Termination "Sargsyan_Shant won on time"]

1. d4 g6 2. e4 Nf6 3. e5 Nh5 4. Be2 d6 5. Nf3 Bg7 6. O-O dxe5 7. Nxe5 Bxe5 8. dxe5 Qxd1 9. Rxd1 Nc6 10. Nc3 Bd7 11.
Bh6 Nxe5 12. Nd5 Rc8 13. Bxh5 gxh5 14. Re1 f6 15. f4 Bc6 16. fxe5 Bxd5 17. exf6 e6 18. Re5 Kf7 19. Bg7 Rhd8 20. Rae1 Kg6 21. b3 b5 22. h4 c5 23. Rg5+ Kf7 24. Rxh5 c4 25. b4 c3 26. Rxh7 Rc4 27. Re5 Be4 28. Rh6 Bxc2 29. Rxb5 Be4 30. Rhh5 Rd2 31. Bh6 Rxg2+ 32.
Kf1 Rd4 0-1

[Event "Early-Titled-Tuesday-Blitz-September-05-2023"]
[Site "Chess.com"]
[Date "2023.09.05"]
[Round "9"]
[White "PepeCuenca"]
[Black "Tugrik1969"]
[Result "1-0"]
[WhiteElo "2694"]
[BlackElo "2499"]
[TimeControl "180+1"]
[EndTime "9:42:17 PDT"]
[Termination "PepeCuenca won by resignation"]

1. c4 Nf6 2. Nf3 d6 3. d4 g6 4. Nc3 Bg7 5. e4 O-O 6. Be2 Na6 7. Be3 e5 8. d5 Nc5 9. Nd2 a5 10. g4 Ne8 11. Qc2 b6 12. h4 f5 13. gxf5 gxf5 14.
O-O-O f4 15. Bxc5 bxc5 16. Rdg1 Bd7 17. a4 Kh8 18. Bg4 Bxg4 19. Rxg4 f3 20. Kb1 Nf6 21. Rg3 Nh5 22. Rxf3 Rxf3 23. Nxf3 Qf6 24. Ng5 Bh6 25. Ne6 Rg8 26. Qe2 Nf4 27. Qf3 Qg6 28. Nxc7 Qg2 29.
Qxg2 Rxg2 30. Nd1 Nd3 31. Nb5 Nxf2 32. Nxf2 Rxf2 33. Nxd6 Be3 34. Nb5 Kg7 35. d6 Bd4 36.
Nxd4 exd4 37. Rg1+ Kf7 38. Rg5 Ke6 39. Rxc5 Rf4 40.
Rd5 Kd7 41. Rxd4 Rxh4 42. c5 Rh1+ 43. Kc2 h5 44. c6+ Kd8 45. d7 1-0

[Event "Early-Titled-Tuesday-Blitz-September-05-2023"]
[Site "Chess.com"]
[Date "2023.09.05"]
[Round "9"]
[White "stepanosinovsky"]
[Black "ExchangeAB"]
[Result "0-1"]
[WhiteElo "2307"]
[BlackElo "2432"]
[TimeControl "180+1"]
[EndTime "9:42:17 PDT"]
[Termination "ExchangeAB won on time"]

1. Nf3 d5 2. g3 c6 3. Bg2 Nf6 4. O-O Bf5 5. d3 h6 6. b3 e6 7. Bb2 Bh7 8. Nbd2 Be7 9. c4 O-O 10. Rc1 Nbd7 11. Rc2 a5 12. a3 b5 13. cxb5 cxb5 14.
Nd4 Qb6 15. Qa1 Rfc8 16. Rfc1 Rc5 17. Bf1 Rac8 18. Rxc5 Rxc5 19. Rxc5 Bxc5 20. e3 b4 21. axb4 Bxb4 22. N2f3 Qc7 23. Qa4 Bg6 24. Nc6 Bh5 25. Nfd4 Be1 26. Qa1 Bb4 27. Nxb4 axb4 28. Qa8+ Kh7 29. h3 Ne5 30. Qa6 Nf3+ 31. Nxf3 Bxf3 32. Qa1 Ne8 33. Be5 Qc2 34. Qb2 Qd1 35. g4 f6 0-1

[Event "Early-Titled-Tuesday-Blitz-September-05-2023"]
[Site "Chess.com"]
[Date "2023.09.05"]
[Round "9"]
[White "aakankshachess"]
[Black "Thecourseoisildur"]
[Result "0-1"]
[WhiteElo "2452"]
[BlackElo "2590"]
[TimeControl "180+1"]
[EndTime "9:42:18 PDT"]
[Termination "Thecourseoisildur won by resignation"]

1. e4 e5 2. Nf3 Nc6 3. Bb5 a6 4. Ba4 Bc5 5. c3 Nge7 6. O-O Ng6 7.
d4 Ba7 8. h3 O-O 9. Bg5 Qe8 10.
Re1 b5 11. Bb3 d6 12. a4 Bb7 13. Na3 h6 14. Be3 Nd8 15. Nh2 Ne6 16. Nc2 Bxe4 17.
axb5 axb5 18. d5 Bxc2 19. Qxc2 Nc5 20. Bxc5 Bxc5 21. Ng4 Qd7 22. c4 b4 23. Ba4 Qe7 24.
Bc6 Rxa1 25. Rxa1 f5 26. Nh2 e4 27. Nf1 Nf4 28. Qb3 Qg5 29. Ng3 Bxf2+ 30. Kxf2 Nd3+ 31. Kg1 Qxg3 32. Rf1 f4 33. Bd7 f3 34. Be6+ Kh8 35. Qc2 Ne1 36. Qf2 Qxf2+ 37. Rxf2 Nxg2 38. Bg4 Nf4 39. b3 Nd3 40. Ra2 e3 41. h4 e2 0-1

[Event "Early-Titled-Tuesday-Blitz-September-05-2023"]
[Site "Chess.com"]
[Date "2023.09.05"]
[Round "9"]
[White "rasmussvane"]
[Black "VitaliyBernadskiy"]
[Result "0-1"]
[WhiteElo "2944"]
[BlackElo "2840"]
[TimeControl "180+1"]
[EndTime "9:42:19 PDT"]
[Termination "VitaliyBernadskiy won on time"]

1. Nf3 b6 2. g3 Bb7 3. Bg2 g6 4.
O-O Bg7 5. d4 Nf6 6. c4 O-O 7.
Re1 Na6 8. Bf4 e6 9. Qc2 Nb4 10. Qb3 a5 11. a3 Na6 12. Nc3 d5 13. Rac1 c5 14. Red1 Rc8 15. cxd5 Nxd5 16. Nxd5 exd5 17. Bh3 Ra8 18. dxc5 a4 19. Qxa4 Nxc5 20. Qb4 Ra4 21.
Qb5 Ba6 22. Rxc5 Bxb5 23. Rxb5 Qe8 24. Rbxd5 Qxe2 25. Ne5 Qxb2 26. Nd7 Re8 27. Be3 b5 28. Nc5 Rxa3 29. Rd8 Ra8 30. R8d7 Qc3 31. Bg2 Rac8 32. Ne4 Qc2 33. Ng5 b4 34. h4 b3 35. R1d2 b2 0-1

[Event "Early-Titled-Tuesday-Blitz-September-05-2023"]
[Site "Chess.com"]
[Date "2023.09.05"]
[Round "9"]
[White "Vesper2018"]
[Black "Vuk2000"]
[Result "0-1"]
[WhiteElo "2593"]
[BlackElo "2752"]
[TimeControl "180+1"]
[EndTime "9:42:19 PDT"]
[Termination "Vuk2000 won by resignation"]

1. e4 e6 2. d4 d5 3. e5 c5 4. c3 Qb6 5. Nf3 Bd7 6. Be2 Bb5 7. dxc5 Bxc5 8. O-O Bxe2 9. Qxe2 a5 10. a4 Nc6 11.
Na3 Nge7 12. Nb5 O-O 13. Bf4 Na7 14. Nfd4 Nec6 15. Rfd1 Rfc8 16. h4 Bxd4 17. Nxd4 Nxd4 18. Rxd4 Nc6 19. Rd3 Ne7 20. h5 Rc4 21. Bg5 Re4 22.
Qd2 Qc7 23. h6 Ng6 24. hxg7 Qxe5 25. Be3 Qxg7 26. f3 Ne5 27. Bd4 Rxd4 28. cxd4 Nxd3 29.
Qxd3 Rc8 30. Rd1 Qg5 31. Qb3 Kg7 32. Kf2 Qg6 33. Rd2 Qg5 34. Re2 Qh4+ 35. g3 Qxd4+ 36.
Kg2 Rc1 37. Qxb7 Qg1+ 38. Kh3 Qf1+ 39. Rg2 Rc2 0-1

[Event "Early-Titled-Tuesday-Blitz-September-05-2023"]
[Site "Chess.com"]
[Date "2023.09.05"]
[Round "9"]
[White "MatthewG-p4p"]
[Black "fastestmindalive"]
[Result "1/2-1/2"]
[WhiteElo "2875"]
[BlackElo "2719"]
[TimeControl "180+1"]
[EndTime "9:42:20 PDT"]
[Termination "Game drawn by repetition"]

1. e4 c5 2. c3 d5 3. exd5 Qxd5 4.
d4 g6 5. Nf3 Bg7 6. Na3 Nf6 7.
Nb5 Na6 8. Be3 O-O 9. dxc5 Qxd1+ 10. Rxd1 Ng4 11. b4 Be6 12. Rd2 Nxe3 13. fxe3 Rfd8 14.
Nbd4 Bc8 15. Bc4 Nc7 16. O-O e5 17. Nb3 Be6 18. Bxe6 Nxe6 19. e4 f5 20. Re1 f4 21.
Red1 Rxd2 22. Rxd2 g5 23. Rd6 Re8 24. Na5 g4 25. Nd2 b6 26. cxb6 axb6 27. Rxb6 Bh6 28. Nac4 Kg7 29. a4 Ng5 30. Nd6 Rd8 31. Nf5+ Kh8 32.
Nc4 Rd1+ 33. Kf2 Nxe4+ 34. Ke2 Nxc3+ 35. Kf2 Ne4+ 36. Ke2 Nc3+ 37. Kf2 Ne4+ 38. Ke2 Nc3+ 1/2-1/2

[Event "Early-Titled-Tuesday-Blitz-September-05-2023"]
[Site "Chess.com"]
[Date "2023.09.05"]
[Round "9"]
[White "farzadbfd"]
[Black "only_strong_moves"]
[Result "1-0"]
[WhiteElo "2712"]
[BlackElo "2544"]
[TimeControl "180+1"]
[EndTime "9:42:20 PDT"]
[Termination "farzadbfd won by resignation"]

1. d4 Nf6 2. Nf3 e6 3. c4 d5 4. Nc3 c5 5. cxd5 cxd4 6. Qxd4 exd5 7. Bg5 Be7 8. e3 O-O 9. Bb5 a6 10. Ba4 b5 11. Bc2 h6 12. Bh4 Nc6 13. Qd2 Be6 14. Rd1 Qa5 15. O-O Rfd8 16. Nd4 Ne5 17. Nxd5 Qxd2 18. Nxe7+ Kf8 19. Rxd2 Nc4 20. Nxe6+ fxe6 21. Ng6+ Kf7 22. Rxd8 Rxd8 23. b3 Na3 24. Ne5+ Kf8 25. Rd1 Rxd1+ 26. Bxd1 Ne4 27. Nd7+ Ke8 28. Nb8 a5 29.
Nc6 Nc3 30. Bf3 a4 31. Be7 Nc2 32. bxa4 bxa4 33. Nb4 Ne1 34. Bc5 Kd7 35. Bc6+ Kc7 36. Kf1 Nd3 37. Nxd3 Nxa2 38. Bxa4 Nc3 39. Bc2 Nd5 40. Bd4 Nc3 41. Bxc3 1-0

[Event "Early-Titled-Tuesday-Blitz-September-05-2023"]
[Site "Chess.com"]
[Date "2023.09.05"]
[Round "9"]
[White "Mops_2004"]
[Black "CSB7"]
[Result "1-0"]
[WhiteElo "2828"]
[BlackElo "2704"]
[TimeControl "180+1"]
[EndTime "9:42:21 PDT"]
[Termination "Mops_2004 won by resignation"]

1. g3 d5 2. Nf3 Nf6 3. Bg2 e6 4. O-O Be7 5. d3 c5 6. Bf4 Nc6 7. e4 b6 8. c4 O-O 9. exd5 exd5 10. Nc3 Bb7 11. Ne5 Nd4 12. Bg5 Rb8 13. Bxf6 Bxf6 14. Ng4 dxc4 15. Bxb7 Rxb7 16. dxc4 g6 17. Qd3 Bg7 18.
Rfd1 Rd7 19. Kg2 Qa8+ 20. Nd5 b5 21. b3 bxc4 22. bxc4 Rxd5 23. cxd5 Qxd5+ 24. f3 c4 25. Qe4 Qb5 26. Rab1 Qa6 27. Rxd4 Qxa2+ 28. Kh3 h5 29.
Ne5 c3 30. Re1 Rc8 31. Rc4 Re8 32. f4 Bxe5 33. fxe5 Rxe5 34. Rc8+ Kh7 35. Qxe5 1-0

[Event "Early-Titled-Tuesday-Blitz-September-05-2023"]
[Site "Chess.com"]
[Date "2023.09.05"]
[Round "9"]
[White "smilingice"]
[Black "NovoselovRoman"]
[Result "0-1"]
[WhiteElo "2421"]
[BlackElo "2575"]
[TimeControl "180+1"]
[EndTime "9:42:21 PDT"]
[Termination "NovoselovRoman won by resignation"]

1. e4 d5 2. exd5 Qxd5 3. Nc3 Qd6 4. d4 Nf6 5. Nf3 c6 6. Bc4 Bg4 7. h3 Bxf3 8. Qxf3 Qxd4 9. Bb3 Nbd7 10. Be3 Qb4 11.
O-O-O e6 12. Rhe1 Qa5 13. Bd2 Qb6 14. Bxe6 fxe6 15. Rxe6+ Kf7 16. Be3 Bc5 17. Qf5 Bxe3+ 18. Rxe3 Rhd8 19. Qe6+ Kf8 20. Ne4 Re8 21. Nxf6 Nxf6 22.
Qd6+ Kg8 23. Rg3 Ne4 24. Qf4 Nxg3 25. fxg3 Qe3+ 26. Qxe3 Rxe3 27. Rd7 Rb8 28. Kd2 Rxg3 29. Re7 Rxg2+ 30. Ke3 Rg6 31. Ke4 Rf6 32. Ke5 Rf7 33. Re6 Rd8 34. c4 h6 35. c5 Rdd7 36. b4 Rfe7 37. b5 cxb5 38. c6 bxc6 0-1

[Event "Early-Titled-Tuesday-Blitz-September-05-2023"]
[Site "Chess.com"]
[Date "2023.09.05"]
[Round "9"]
[White "tteshan"]
[Black "Der_Balak_3Halak"]
[Result "1-0"]
[WhiteElo "2570"]
[BlackElo "2417"]
[TimeControl "180+1"]
[EndTime "9:42:21 PDT"]
[Termination "tteshan won by checkmate"]

1. e4 e6 2. d4 c5 3. c3 cxd4 4. cxd4 d5 5. exd5 Qxd5 6. Nc3 Bb4 7. Nf3 Nf6 8. Bd3 b5 9. O-O Bxc3 10. bxc3 O-O 11.
Bg5 Ne4 12. Be7 Re8 13. Qc2 Bb7 14. Rfe1 f5 15. Bh4 Nd6 16. Re5 Qc6 17. Rae1 Nc4 18. Rc5 Qb6 19. Rxf5 Na3 20. Qb3 Nd7 21. Rf4 Nc4 22.
Ng5 Nf8 23. Qc2 g6 24. Ne4 Bxe4 25. Bxe4 Nd6 26. Bxa8 Rxa8 27. Qd3 Nf5 28. Bf6 Kf7 29. Be5 Kg8 30. g4 Ne7 31. Qh3 Nd5 32. Qh6 Qb7 33. Rf3 Rc8 34. Bd6 b4 35. Rxf8+ Rxf8 36. Qxf8# 1-0

[Event "Early-Titled-Tuesday-Blitz-September-05-2023"]
[Site "Chess.com"]
[Date "2023.09.05"]
[Round "9"]
[White "BigPiano"]
[Black "expii"]
[Result "0-1"]
[WhiteElo "2373"]
[BlackElo "2271"]
[TimeControl "180+1"]
[EndTime "9:42:21 PDT"]
[Termination "expii won by checkmate"]

1. d4 d5 2. c4 e6 3. Nf3 c5 4. cxd5 exd5 5. Nc3 Nc6 6. g3 Nf6 7. Bg2 Be7 8. O-O O-O 9. Bf4 a6 10. Rc1 c4 11. Ne5 Be6 12. Qd2 Rc8 13. Rfd1 b5 14.
Nxc6 Rxc6 15. a3 Bd6 16. e4 Bxf4 17. Qxf4 dxe4 18. d5 Bxd5 19. Nxd5 Nxd5 20. Qe5 Rd6 21. Bxe4 Re8 22. Qf5 g6 23. Qf3 Nb6 24. Bc6 Ree6 25. Kg2 Qc7 26. Bb7 Rf6 27. Qe4 Rde6 28. Qd4 Qxb7+ 29.
Kg1 Rd6 30. Qxd6 Rxd6 31. Rxd6 Na4 32. Rd8+ Kg7 33. Rcd1 Nxb2 34. R1d7 Qc6 35. Re7 Qf3 36. Rdd7 Nd3 37. h3 Qxf2+ 38. Kh1 Qf3+ 39. Kg1 Qxg3+ 40.
Kf1 Qf2# 0-1

[Event "Early-Titled-Tuesday-Blitz-September-05-2023"]
[Site "Chess.com"]
[Date "2023.09.05"]
[Round "9"]
[White "moro182"]
[Black "artin10862"]
[Result "1-0"]
[WhiteElo "2864"]
[BlackElo "2959"]
[TimeControl "180+1"]
[EndTime "9:42:22 PDT"]
[Termination "moro182 won by checkmate"]

1. d4 Nf6 2. Bf4 g6 3. Nc3 d5 4.
Nb5 Na6 5. e3 Bg7 6. h3 O-O 7. Nf3 c6 8. Nc3 Nc7 9. Be2 b6 10. O-O Bb7 11. a4 Ne6 12. Be5 c5 13. a5 Ne4 14. Bxg7 Nxc3 15. bxc3 Kxg7 16. Ne5 f6 17. Nd3 Qc7 18. Bg4 Ng5 19. h4 Nf7 20. Nf4 Nd8 21. axb6 axb6 22. Rxa8 Bxa8 23. h5 e5 24.
dxe5 Qxe5 25. c4 d4 26. Re1 Re8 27. Bf3 Nf7 28. hxg6 hxg6 29. Bxa8 Rxa8 30. Qg4 g5 31. Nd3 Qd6 32. exd4 cxd4 33. g3 Rh8 34. Re6 Qd7 35. Qf5 Qd8 36. c5 bxc5 37. Nxc5 Qa8 38. Qxf6+ Kg8 39.
Qg6+ Kf8 40. Nd7# 1-0

[Event "Early-Titled-Tuesday-Blitz-September-05-2023"]
[Site "Chess.com"]
[Date "2023.09.05"]
[Round "9"]
[White "alpltl"]
[Black "CixPer1968"]
[Result "1-0"]
[WhiteElo "2352"]
[BlackElo "2179"]
[TimeControl "180+1"]
[EndTime "9:42:22 PDT"]
[Termination "alpltl won on time"]

1. e3 d5 2. Nf3 Nf6 3. d4 c6 4. c4 Bg4 5. Qb3 Qb6 6. Ne5 Bf5 7.
Bd3 Bxd3 8. Nxd3 Nbd7 9. Nc3 e6 10. cxd5 exd5 11. Qxb6 Nxb6 12. f3 Bd6 13. Kf2 O-O 14. b3 Rfe8 15. Bb2 Re7 16. Rae1 Rae8 17. Re2 Nbd7 18. h3 h6 19. g4 g6 20. Rc1 Kh7 21.
Na4 Kg8 22. Nac5 Nxc5 23. dxc5 Be5 24. Nxe5 Rxe5 25. Bxe5 Rxe5 26. b4 g5 27. Rd1 Kg7 28. Rd4 Kg6 29. Kg3 a6 30. h4 gxh4+ 31. Kxh4 h5 32.
gxh5+ Rxh5+ 33. Kg3 Rh1 34. Kf4 Rg1 35. Ke5 Ne8 36. Rg4+ Rxg4 37. fxg4 Kg5 38. e4 Nc7 39. Rf2 dxe4 40. Rxf7 Nd5 41. a3 e3 42. Rf1 Kxg4 43.
Ke4 Kg3 44. Rf3+ Kg2 45. Rxe3 Nxe3 46. Kxe3 Kf1 47. a4 Ke1 48. Kd3 Kd1 49. Kc4 Kc2 50.
b5 axb5+ 51. axb5 Kb2 52. Kb4 1-0

[Event "Early-Titled-Tuesday-Blitz-September-05-2023"]
[Site "Chess.com"]
[Date "2023.09.05"]
[Round "9"]
[White "Heinza9"]
[Black "FARIZA2018"]
[Result "0-1"]
[WhiteElo "2301"]
[BlackElo "2529"]
[TimeControl "180+1"]
[EndTime "9:42:23 PDT"]
[Termination "FARIZA2018 won on time"]

1. e4 e5 2. Nf3 Nc6 3. Nc3 Nf6 4. d4 exd4 5. Nd5 Nb4 6. Bc4 Nbxd5 7. exd5 Bb4+ 8. Bd2 Bxd2+ 9. Qxd2 O-O 10. O-O-O d6 11. Nxd4 Bd7 12. Rhe1 a6 13. a3 b5 14. Ba2 Qb8 15. Nc6 Bxc6 16. dxc6 Qb6 17. Bd5 Rae8 18. f3 Rxe1 19. Rxe1 Qc5 20. Bb3 Qxc6 21. Re7 Qc5 22. c3 d5 23. Qe2 Qg1+ 24. Kc2 Qxh2 25. a4 c5 26. axb5 axb5 27. Qxb5 c4 28. Ba4 Qxg2+ 29.
Kb1 Qxf3 30. Bc2 Qf1+ 31. Ka2 Ra8+ 32. Ba4 h6 33. Ra7 Rxa7 34. Qb8+ Kh7 35. Qxa7 Ne4 36. Bc2 Qe2 37. Bxe4+ Qxe4 38. Qxf7 Qd3 39. Ka3 Qe4 40. Kb4 Qe5 41. Qf3 Qd6+ 0-1

[Event "Early-Titled-Tuesday-Blitz-September-05-2023"]
[Site "Chess.com"]
[Date "2023.09.05"]
[Round "9"]
[White "rdarruda"]
[Black "secretsuperstar7"]
[Result "1-0"]
[WhiteElo "2563"]
[BlackElo "2385"]
[TimeControl "180+1"]
[EndTime "9:42:23 PDT"]
[Termination "rdarruda won by resignation"]

1. d4 d5 2. Nf3 Nf6 3. c4 e6 4. e3 a6 5. b3 b6 6. Nc3 Bb7 7. Bd3 Nbd7 8. O-O c5 9. Bb2 Bd6 10. Qe2 O-O 11. e4 dxe4 12. Nxe4 Nxe4 13. Bxe4 Bxe4 14. Qxe4 Nf6 15. Qh4 cxd4 16. Bxd4 Be7 17. Rad1 Qc7 18. Rfe1 Rad8 19. h3 h6 20. Be5 Qb7 21.
Rd4 Rfe8 22. Red1 Nd7 23. Qg3 Nxe5 24. Qxe5 Rxd4 25. Qxd4 Rd8 26. Qa1 Qc8 27. g3 Bf6 28. Qb1 Qa8 29. Kg2 e5 30. Rxd8+ Bxd8 31. Qd1 e4 32.
Nd4 Bf6 33. Nf5 Qc8 34. Qd5 Qe8 35. Nd6 Qd8 36. Nxe4 Qe7 37. Nd6 Qd7 38. Ne4 Qe8 39. Nxf6+ gxf6 40. b4 Kg7 41. c5 b5 42. c6 Qe1 43. c7 Qc3 44. Qb7 1-0

[Event "Early-Titled-Tuesday-Blitz-September-05-2023"]
[Site "Chess.com"]
[Date "2023.09.05"]
[Round "9"]
[White "Grossboss19"]
[Black "benny_aizenberg"]
[Result "1-0"]
[WhiteElo "2512"]
[BlackElo "2636"]
[TimeControl "180+1"]
[EndTime "9:42:25 PDT"]
[Termination "Grossboss19 won by checkmate"]

1. c4 e5 2. Nf3 Nc6 3. d4 exd4 4. Nxd4 Nf6 5. Nc3 Bb4 6. Nxc6 bxc6 7. Bd2 O-O 8. e3 d5 9. a3 Bg4 10. Be2 Bxe2 11.
Qxe2 Bd6 12. O-O h6 13. h3 Re8 14. Qf3 a5 15. Rfd1 Rb8 16. Rab1 Be5 17. Na4 Ne4 18. Be1 Qd7 19. Kh1 Qe6 20. cxd5 cxd5 21. Nc3 Nxc3 22. Bxc3 Bxc3 23. bxc3 c6 24. Qf4 Rxb1 25.
Rxb1 Qg6 26. Rb8 Rxb8 27. Qxb8+ Kh7 28. Qb6 Qf6 29. Qxa5 Qxf2 30. Qc5 Qf1+ 31. Kh2 Qa6 32. Qb4 Kg6 33. a4 Qe2 34. Qg4+ Qxg4 35. hxg4 Kf6 36. a5 Ke6 37. a6 Kd6 38. a7 Kc7 39. a8=Q Kb6 40.
Qf8 h5 41. gxh5 g6 42. h6 g5 43. h7 d4 44. h8=Q dxe3 45. Qd4+ Kb5 46. Qfc5+ Ka6 47. Qb6# 1-0

[Event "Early-Titled-Tuesday-Blitz-September-05-2023"]
[Site "Chess.com"]
[Date "2023.09.05"]
[Round "9"]
[White "szachuspl"]
[Black "Roedor"]
[Result "1-0"]
[WhiteElo "2541"]
[BlackElo "2446"]
[TimeControl "180+1"]
[EndTime "9:42:25 PDT"]
[Termination "szachuspl won by checkmate"]

1. d4 Nf6 2. c4 g6 3. Nc3 Bg7 4.
g3 O-O 5. Bg2 d6 6. Nf3 Nc6 7.
O-O Bf5 8. Nh4 Bd7 9. e4 e5 10. d5 Nd4 11. Be3 c5 12. dxc6 bxc6 13. Bxd4 exd4 14.
Qxd4 Nd5 15. Qd2 Nxc3 16. bxc3 Be6 17. Rfd1 Bxc4 18. Qxd6 Qxd6 19. Rxd6 Bxc3 20. Rc1 Be5 21. Rxc6 Be6 22. Nf3 Bg7 23. Ra6 Rfc8 24. Rxc8+ Bxc8 25. Ra5 Bc3 26. Rc5 Bb4 27. Rc4 a5 28. Nd4 Ba6 29. Rc1 Rd8 30. Nc6 Rd2 31. Nxb4 axb4 32. Bf1 Bxf1 33.
Kxf1 Rxa2 34. Rb1 Ra4 35. f3 g5 36. h3 h5 37. Kf2 Kg7 38. f4 gxf4 39. gxf4 h4 40. Kf3 Kf6 41. Kg4 b3 42. e5+ Kg6 43.
Rxb3 f5+ 44. exf6 Kxf6 45. Rb6+ Kg7 46. Rb5 Kg6 47. Rg5+ Kf6 48. Rh5 Kg6 49. Rxh4 Rb4 50. Rh8 Ra4 51. Rc8 Rb4 52. Rc6+ Kg7 53. Kg5 Rb1 54.
Rc7+ Kf8 55. h4 Rg1+ 56. Kf6 Kg8 57. h5 Rh1 58. Kg6 Rg1+ 59. Kf6 Rh1 60. Rg7+ Kh8 61. Rg5 Kh7 62. f5 Kh6 63. Rg8 Ra1 64. Rh8# 1-0